 Dungeon Crawl Stone Soup version 0.22-a0-322-g60b3cfd402 (webtiles) character file.

137 Oravi the Changer (level 5, -1/37 HPs)
             Began as a Merfolk Transmuter on Apr 2, 2018.
             Slain by a gnoll
             ... wielding a +0 halberd
              (14 damage)
             ... on level 3 of the Dungeon.
             The game lasted 00:13:00 (2721 turns).

Oravi the Changer (Merfolk Transmuter)              Turns: 2721, Time: 00:13:01

Health: -1/37      AC:  2    Str: 10    XL:     5   Next: 20%
Magic:  1/8        EV: 14    Int: 13    God:
Gold:   98         SH:  0    Dex: 15    Spells: 2/8 levels left

rFire    . . .     SeeInvis .     - Unarmed
rCold    . . .     Gourm    .   (no shield)
rNeg     . . .     Faith    .   b - +0 robe
rPois    .         Spirit   .   (no helmet)
rElec    .         Reflect  .   (no cloak)
rCorr    .         Harm     .   (no gloves)
MR       .....                  (no boots)
Stlth    +.........             e - amulet of rage
HPRegen  0.12/turn              (no ring)
MPRegen  0.11/turn              (no ring)

@: appendage (expiring)
A: change form in water, swift swim, stealthy swim, horns 2
a: End Transformation, Evoke Berserk Rage


You were on level 3 of the Dungeon.
You were not hungry.
You had grown temporary horns.
You visited 1 branch of the dungeon, and saw 3 of its levels.

You collected 98 gold pieces.

Inventory:

Missiles
 a - 19 arrows
Armour
 b - a +0 robe (worn)
Jewellery
 e - an amulet of rage (around neck)
Scrolls
 g - 6 scrolls of identify {unknown}
 h - a scroll of random uselessness {unknown}
 k - 3 scrolls of remove curse {unknown}
 l - a scroll of fear {unknown}
Potions
 c - 2 potions of haste {unknown}
 i - 2 potions of curing {unknown}
 j - 3 potions of degeneration {unknown}
 m - a potion of heal wounds {unknown}
 n - 2 potions of flight {unknown}
Comestibles
 d - 7 rations
 f - 5 chunks of flesh


   Skills:
 - Level 1.1 Fighting
 + Level 4.4 Dodging
 - Level 3.2 Unarmed Combat
 - Level 2.0 Spellcasting
 * Level 5.6 Transmutations
 * Level 1.1 Poison Magic


You had 2 spell levels left.
You knew the following spells:

 Your Spells              Type           Power        Failure   Level  Hunger
a - Beastly Appendage     Tmut           ###...       2%          1    ##.....
b - Sticks to Snakes      Tmut           ###.....     3%          2    ###....
c - Spider Form           Tmut/Pois      ##........   19%         3    ####...


Dungeon Overview and Level Annotations

Branches:
Dungeon (3/15)

Altars:


Innate Abilities, Weirdness & Mutations

You revert to your normal form in water.
You are very nimble and swift while swimming.
You are very stealthy in the water. (Stealth+)
You have a pair of horns on your head.


Message History

The gnoll closely misses you.
You hit the leopard gecko.
You kill the leopard gecko!
You swap places.
The gnoll misses you. The gnoll barely misses you.
The gnoll hits you with a halberd.
Your adder closely misses the gnoll.
You hit the gnoll but do no damage.
Your adder bites the gnoll.
The gnoll hits you with a halberd!
You closely miss the gnoll.
The gnoll is lightly wounded.
Your adder bites the gnoll but does no damage.
You hit the gnoll.
The gnoll is heavily wounded.
Your adder bites the gnoll.
The gnoll barely misses you.
Your adder bites the gnoll.
The gnoll is poisoned.
Your adder poisons the gnoll!
You closely miss the gnoll.
The gnoll is almost dead.
The gnoll hits you with a halberd!
You die...

#....##'##...##)#
#....##..#...##.#
#....###.#...##.#
#....# #.#...##.#######
#....# #.....'.........
#########....##.#######
#.......'.........
####.###..)##.#######
+........S@)....#
####.####g###.#.#
+(())...<..##.#.#
######(....##.#.###
+....'.............
######....#.#.#.##
#....#...#+##
#............#
.....###........#


You could see a gnoll and a friendly adder.

Vanquished Creatures
  2 gnolls (D:3)
  2 adders
  2 adder zombies
  A worm (D:2)
  5 dart slugs
  4 leopard geckos
  An orc (D:3)
  2 giant cockroaches
  9 hobgoblins
  5 jackals (D:1)
  A quokka (D:3)
  2 ball pythons (D:1)
  7 bats
  5 frilled lizards
  8 goblins
  7 kobolds
  7 rats
70 creatures vanquished.

Vanquished Creatures (collateral kills)
  A gnoll (D:3)
1 creature vanquished.

Grand Total: 71 creatures vanquished

Notes
Turn   | Place    | Note
-------+----------+-------------------------------------------
     0 | D:1      | Oravi the Merfolk Transmuter began the quest for the Orb.
     0 | D:1      | Reached XP level 1. HP: 15/15 MP: 3/3
   135 | D:1      | Reached skill level 3 in Transmutations
   294 | D:1      | Reached XP level 2. HP: 20/21 MP: 3/5
   499 | D:1      | Reached skill level 4 in Transmutations
   516 | D:1      | Reached XP level 3. HP: 16/26 MP: 6/6
   881 | D:1      | Learned a level 2 spell: Sticks to Snakes
   885 | D:1      | Learned a level 3 spell: Spider Form
  1557 | D:2      | Reached XP level 4. HP: 30/32 MP: 7/7
  2156 | D:2      | Reached skill level 5 in Transmutations
  2655 | D:3      | Reached skill level 1 in Poison Magic
  2707 | D:3      | Reached XP level 5. HP: 25/37 MP: 1/8
  2721 | D:3      | Slain by a gnoll

Vault maps used:
D:1:      lemuel_arrival_river_ford, minmay_misc_feat_iff
D:2:      first_ration

Skill      XL: |  1  2  3  4 |
---------------+-------------+-----
Transmutations | 3 4 5 |  5.6
Dodging        | 3 4 |  4.4
Poison Magic   | 1 |  1.1
Fighting       | |  1.1
Unarmed Combat | |  3.2
Spellcasting   | |  2.0

Action                   |  1- 3 |  4- 6 || total
-------------------------+-------+-------++-------
Melee: Unarmed           |   152 |   102 ||   254
       Headbutt          |    23 |     8 ||    31
       Punch             |       |     3 ||     3
 Cast: Beastly Appendage |    21 |    15 ||    36
       Spider Form       |       |     2 ||     2
       Sticks to Snakes  |       |     2 ||     2
 Stab: Sleeping          |     2 |       ||     2
  Eat: Chunk             |     2 |     5 ||     7
Armor: Robe              |    23 |    15 ||    38
Dodge: Dodged            |    97 |    78 ||   175

Table legend:
 A = Spawn XP
 B = Non-spawn XP
 C = Spawn XP percentage of total XP
 D = Spawn monster count
 E = Non-spawn monster count
 F = Spawn count percentage of total count
 G = Total turns spent on level
                    A         B        C        D         E        F      G
               +---------+---------+-------+---------+---------+-------+---------
         Total |       0 |     196 |   0.0 |       0 |      71 |   0.0 |  2721
               +---------+---------+-------+---------+---------+-------+---------
           D:1 |       0 |      64 |   0.0 |       0 |      33 |   0.0 |  1151
           D:2 |       0 |      54 |   0.0 |       0 |      20 |   0.0 |  1302
           D:3 |       0 |      78 |   0.0 |       0 |      18 |   0.0 |   268
               +---------+---------+-------+---------+---------+-------+---------
